TOP OF THE 1ST |
Phoenix Hotspur Reserves batting - Pitching for Royse City Targaryens : RHP Hirokichi Kichida
|
Pitching: RHP Hirokichi Kichida
|
|
Batting: RHB Gabriel Pérez
|
0-0: Bunt for hit - play at first, batter OUT! 5-3
|
Batting: RHB Randy Rehling
|
0-0: Ball 1-0: Foul Ball, location: 2F 1-1: Called Strike 1-2: SINGLE (Line Drive, 56)
|
Batting: SHB Roberto López
|
0-0: Called Strike 0-1: Ball 1-1: Ball 2-1: Foul Ball, location: 2F 2-2: Foul Ball, location: 2F 2-2: Foul Ball, location: 2F 2-2: Foul Ball, location: 2F 2-2: Foul Ball, location: 2F 2-2: Fly out, F6 (Popup, 4MD)
|
Batting: RHB Martín Martínez
|
0-0: Ball 1-0: Called Strike 1-1: Ball 2-1: Fielders Choice at 2nd, U4 (Groundball, 4M)
|
Top of the 1st over - 0 run(s), 1 hit(s), 0 error(s), 1 left on base; Phoenix 0 - Royse City 0 |
BOTTOM OF THE 1ST |
Royse City Targaryens batting - Pitching for Phoenix Hotspur Reserves : RHP Donald Gregory
|
Pitching: RHP Donald Gregory
|
|
Batting: LHB Fernando Ramírez
|
0-0: Swinging Strike 0-1: Called Strike 0-2: Ball 1-2: Ball 2-2: Foul Ball, location: 2F 2-2: Ball 3-2: SOLO HOME RUN (Flyball, 9D), Distance : 351 ft
|
Batting: LHB Carlos Álvarez
|
0-0: Foul Ball, location: 2F 0-1: Ball 1-1: Foul Ball, location: 2F 1-2: Ball 2-2: Strikes out swinging, 2-3 out at first.
|
Batting: RHB Domingo García
|
0-0: Called Strike 0-1: Ball 1-1: Ball 2-1: Ground out 5-3 (Groundball, 56S)
|
Batting: RHB Tristan Kuhn
|
0-0: Called Strike 0-1: Ground out 4-3 (Groundball, 4M)
|
Bottom of the 1st over - 1 run(s), 1 hit(s), 0 error(s), 0 left on base; Phoenix 0 - Royse City 1 |
TOP OF THE 2ND |
Phoenix Hotspur Reserves batting - Pitching for Royse City Targaryens : RHP Hirokichi Kichida
|
Batting: RHB Jorge Gonzáles
|
0-0: SINGLE (Groundball, 56)
|
Batting: RHB Júlio Mateo
|
0-0: Called Strike 0-1: Swinging Strike 0-2: Strikes out swinging
|
Batting: RHB Fernando Rivera
|
0-0: Fly out, F8 (Flyball, 8LM)
|
Batting: SHB Jesús González
|
0-0: Ball 1-0: Ball 2-0: Foul Ball, location: 2F 2-1: SINGLE (Groundball, 56D) Jorge Gonzáles to second
|
Batting: RHB Christian O'Neal
|
0-0: Ground out 6-3 (Groundball, 6)
|
Top of the 2nd over - 0 run(s), 2 hit(s), 0 error(s), 2 left on base; Phoenix 0 - Royse City 1 |
BOTTOM OF THE 2ND |
Royse City Targaryens batting - Pitching for Phoenix Hotspur Reserves : RHP Donald Gregory
|
Batting: SHB Robbie Anderson
|
0-0: Ball 1-0: Fly out, F7 (Flyball, 78S)
|
Batting: RHB Henry Jones
|
0-0: Called Strike 0-1: Ball 1-1: Swinging Strike 1-2: Ground out 5-3 (Groundball, 56S)
|
Batting: RHB Dave Thompson
|
0-0: Ball 1-0: Ball 2-0: SINGLE (Line Drive, 56D)
|
Batting: RHB Curt Monroe
|
0-0: Called Strike 0-1: Ground out 4-3 (Groundball, 4)
|
Bottom of the 2nd over - 0 run(s), 1 hit(s), 0 error(s), 1 left on base; Phoenix 0 - Royse City 1 |
TOP OF THE 3RD |
Phoenix Hotspur Reserves batting - Pitching for Royse City Targaryens : RHP Hirokichi Kichida
|
Batting: RHB Gabriel Pérez
|
0-0: Ball 1-0: Bunt for hit - play at first, batter safe!
|
Batting: RHB Randy Rehling
|
0-0: Ball 1-0: Ball Gabriel Pérez steals 2nd base 2-0: Swinging Strike 2-1: Ball 3-1: SINGLE (Line Drive, 5D) Gabriel Pérez to third Runner from 3rd tries for Home, SAFE, no throw or cutoff
|
Batting: SHB Roberto López
|
0-0: Ball 1-0: Foul Ball, location: 2F 1-1: Fielders Choice at 2nd, 4-6 (Groundball, 4)
|
Batting: RHB Martín Martínez
|
0-0: Ball 1-0: Called Strike 1-1: Ball 2-1: Ball 3-1: Called Strike 3-2: Foul Ball, location: 2F 3-2: Foul Ball, location: 2F 3-2: Foul Ball, location: 2F 3-2: Foul Ball, location: 2F 3-2: 2-RUN HOME RUN (Flyball, 7D), Distance : 390 ft
|
Batting: RHB Jorge Gonzáles
|
0-0: DOUBLE (Line Drive, 89D)
|
Batting: RHB Júlio Mateo
|
0-0: Ball 1-0: Called Strike 1-1: Ground out 4-3 (Groundball, 4) Jorge Gonzáles to third
|
Batting: RHB Fernando Rivera
|
0-0: SINGLE (Line Drive, 56D) Jorge Gonzáles scores
|
Batting: SHB Jesús González
|
0-0: Called Strike Fernando Rivera is caught stealing 2nd base
|
Top of the 3rd over - 4 run(s), 5 hit(s), 0 error(s), 0 left on base; Phoenix 4 - Royse City 1 |
BOTTOM OF THE 3RD |
Royse City Targaryens batting - Pitching for Phoenix Hotspur Reserves : RHP Donald Gregory
|
Batting: LHB Jerry Wilson
|
0-0: Called Strike 0-1: SOLO HOME RUN (Flyball, 9D), Distance : 349 ft
|
Batting: LHB Fernando Ramírez
|
0-0: SINGLE (Groundball, 4M)
|
Batting: LHB Carlos Álvarez
|
0-0: Called Strike 0-1: Ball 1-1: Ground out U3 (Groundball, 3S) Fernando Ramírez to second
|
Batting: RHB Domingo García
|
0-0: DOUBLE (Flyball, 8LXD) Fernando Ramírez scores
|
Batting: RHB Tristan Kuhn
|
0-0: Called Strike 0-1: Ball 1-1: Ball 2-1: Fly out, F9 (Flyball, 9LM)
|
Batting: SHB Robbie Anderson
|
0-0: Fly out, F8 (Flyball, 8LM)
|
Bottom of the 3rd over - 2 run(s), 3 hit(s), 0 error(s), 1 left on base; Phoenix 4 - Royse City 3 |
TOP OF THE 4TH |
Phoenix Hotspur Reserves batting - Pitching for Royse City Targaryens : RHP Hirokichi Kichida
|
Batting: SHB Jesús González
|
0-0: Ball 1-0: Foul Ball, location: 2F 1-1: Ball 2-1: Ball 3-1: Fly out, F8 (Flyball, 8LD)
|
Batting: RHB Christian O'Neal
|
0-0: Ball 1-0: Ball 2-0: Called Strike 2-1: Fly out, F9 (Flyball, 9D)
|
Batting: RHB Gabriel Pérez
|
0-0: Called Strike 0-1: Ball 1-1: Called Strike 1-2: Ball 2-2: Foul Ball, location: 2F 2-2: Fly out, F7 (Flyball, 7LM)
|
Top of the 4th over - 0 run(s), 0 hit(s), 0 error(s), 0 left on base; Phoenix 4 - Royse City 3 |
BOTTOM OF THE 4TH |
Royse City Targaryens batting - Pitching for Phoenix Hotspur Reserves : RHP Donald Gregory
|
Batting: RHB Henry Jones
|
0-0: Called Strike 0-1: Foul Ball, location: 2F 0-2: Ball 1-2: Foul Ball, location: 2F 1-2: Strikes out swinging
|
Batting: RHB Dave Thompson
|
0-0: Ball 1-0: Ball 2-0: Ball 3-0: Base on Balls
|
Batting: RHB Curt Monroe
|
0-0: Called Strike 0-1: Grounds into double play, 4-6-3 (Groundball, 4)
|
Bottom of the 4th over - 0 run(s), 0 hit(s), 0 error(s), 0 left on base; Phoenix 4 - Royse City 3 |
TOP OF THE 5TH |
Phoenix Hotspur Reserves batting - Pitching for Royse City Targaryens : RHP Hirokichi Kichida
|
Pitching: RHP Josef van der Poel
|
|
Batting: RHB Randy Rehling
|
0-0: Ball 1-0: Ball 2-0: Fly out, F9 (Flyball, 89M)
|
Batting: SHB Roberto López
|
0-0: Called Strike 0-1: Foul Ball, location: 2F 0-2: Ball 1-2: Foul Ball, location: 2F 1-2: Strikes out swinging
|
Batting: RHB Martín Martínez
|
0-0: Ball 1-0: Called Strike 1-1: Ball 2-1: DOUBLE (Flyball, 78XD)
|
Batting: RHB Jorge Gonzáles
|
0-0: Called Strike 0-1: Called Strike 0-2: Foul Ball, location: 2F 0-2: Ball 1-2: Fly out, F9 (Flyball, 9M)
|
Top of the 5th over - 0 run(s), 1 hit(s), 0 error(s), 1 left on base; Phoenix 4 - Royse City 3 |
BOTTOM OF THE 5TH |
Royse City Targaryens batting - Pitching for Phoenix Hotspur Reserves : RHP Donald Gregory
|
Batting: LHB Jerry Wilson
|
0-0: Called Strike 0-1: Foul Ball, location: 2F 0-2: Foul Ball, location: 2F 0-2: Ball 1-2: Foul Ball, location: 2F 1-2: Strikes out swinging
|
Batting: LHB Fernando Ramírez
|
0-0: Swinging Strike 0-1: Ball 1-1: Called Strike 1-2: Foul Ball, location: 2F 1-2: Foul Ball, location: 2F 1-2: Foul Ball, location: 2F 1-2: Foul Ball, location: 2F 1-2: SINGLE (Line Drive, 4MD)
|
Batting: LHB Carlos Álvarez
|
0-0: Ball 1-0: Ball 2-0: Fly out, F7 (Flyball, 7LD)
|
Batting: RHB Domingo García
|
0-0: Swinging Strike 0-1: 2-RUN HOME RUN (Flyball, 78XD), Distance : 414 ft
|
Batting: RHB Tristan Kuhn
|
0-0: Ball 1-0: Called Strike 1-1: Fly out, F7 (Flyball, 78M)
|
Bottom of the 5th over - 2 run(s), 2 hit(s), 0 error(s), 0 left on base; Phoenix 4 - Royse City 5 |
TOP OF THE 6TH |
Phoenix Hotspur Reserves batting - Pitching for Royse City Targaryens : RHP Josef van der Poel
|
Batting: RHB Júlio Mateo
|
0-0: Ball 1-0: Foul Ball, location: 2F 1-1: Ball 2-1: Ball 3-1: Base on Balls
|
Batting: RHB Fernando Rivera
|
0-0: Called Strike 0-1: Bunted foul 0-2: Ball 1-2: Ball 2-2: Foul Ball, location: 2F 2-2: Ball 3-2: Base on Balls Júlio Mateo to second
|
Batting: SHB Jesús González
|
0-0: Ball 1-0: Bunted foul 1-1: Sac Bunt - play at first, batter OUT! 6-4 Júlio Mateo to third Fernando Rivera to second
|
Batting: RHB Christian O'Neal
|
0-0: SINGLE (Groundball, 15) (infield hit) Júlio Mateo scores Fernando Rivera to third
|
Batting: RHB Gabriel Pérez
|
0-0: Called Strike 0-1: Ball 1-1: Ball 2-1: Foul Ball, location: 2F 2-2: Strikes out looking
|
Batting: RHB Randy Rehling
|
0-0: Ball 1-0: Foul Ball, location: 2F 1-1: SINGLE (Line Drive, 89M) Fernando Rivera scores Christian O'Neal to second
|
Pitching: LHP Jerry Clephane
|
|
Batting: SHB Roberto López
|
0-0: Ball 1-0: Foul Ball, location: 2F 1-1: Called Strike 1-2: Foul Ball, location: 2F 1-2: Ball 2-2: Strikes out swinging
|
Top of the 6th over - 2 run(s), 2 hit(s), 0 error(s), 2 left on base; Phoenix 6 - Royse City 5 |
BOTTOM OF THE 6TH |
Royse City Targaryens batting - Pitching for Phoenix Hotspur Reserves : RHP Donald Gregory
|
Batting: SHB Robbie Anderson
|
0-0: Ball 1-0: Ball 2-0: DOUBLE (Flyball, 78D)
|
Pitching: RHP Roderick Draper
|
|
Batting: RHB Henry Jones
|
0-0: Called Strike 0-1: Called Strike 0-2: Ball 1-2: Strikes out looking
|
Batting: RHB Dave Thompson
|
0-0: Foul Ball, location: 2F 0-1: Called Strike 0-2: Ground out 6-3 (Groundball, 56D)
|
Batting: RHB Curt Monroe
|
0-0: Ball 1-0: Ball 2-0: Called Strike 2-1: Ball 3-1: Ground out 6-3 (Groundball, 6)
|
Bottom of the 6th over - 0 run(s), 1 hit(s), 0 error(s), 1 left on base; Phoenix 6 - Royse City 5 |
TOP OF THE 7TH |
Phoenix Hotspur Reserves batting - Pitching for Royse City Targaryens : LHP Jerry Clephane
|
Batting: RHB Martín Martínez
|
0-0: Foul Ball, location: 2F 0-1: Swinging Strike 0-2: Ball 1-2: Ball 2-2: Foul Ball, location: 2F 2-2: Fly out, F8 (Flyball, 8LXD)
|
Batting: RHB Jorge Gonzáles
|
0-0: Called Strike 0-1: Ground out 3-1 (Groundball, 34)
|
Batting: RHB Júlio Mateo
|
0-0: Ball 1-0: Foul Ball, location: 2F 1-1: Ground out 6-3 (Groundball, 6)
|
Top of the 7th over - 0 run(s), 0 hit(s), 0 error(s), 0 left on base; Phoenix 6 - Royse City 5 |
TOP OF THE 8TH |
Phoenix Hotspur Reserves batting - Pitching for Royse City Targaryens : LHP Jerry Clephane
|
Now at 2B: Steve Ferguson
|
|
Pinch Hitting: RHB Andre Dixon
|
0-0: Called Strike 0-1: SOLO HOME RUN (Flyball, 89XD), Distance : 369 ft
|
Batting: SHB Jesús González
|
0-0: Called Strike 0-1: Ball 1-1: Foul Ball, location: 2F 1-2: Ball 2-2: Ball 3-2: Base on Balls
|
Batting: RHB Christian O'Neal
|
0-0: Swinging Strike 0-1: Grounds into double play, 1-6-3 (Groundball, 13S)
|
Batting: RHB Gabriel Pérez
|
0-0: Called Strike 0-1: Ball 1-1: Called Strike 1-2: Foul Ball, location: 2F 1-2: Foul Ball, location: 2F 1-2: Ball 2-2: Foul Ball, location: 2F 2-2: Ball 3-2: Foul Ball, location: 2F 3-2: SINGLE (Line Drive, 56)
|
Batting: RHB Randy Rehling
|
0-0: Called Strike 0-1: Called Strike 0-2: Ball 1-2: Ball Gabriel Pérez is caught stealing 2nd base
|
Top of the 8th over - 1 run(s), 2 hit(s), 0 error(s), 0 left on base; Phoenix 7 - Royse City 6 |
BOTTOM OF THE 8TH |
Royse City Targaryens batting - Pitching for Phoenix Hotspur Reserves : RHP Roderick Draper
|
Pitching: RHP Pat McCormick
|
|
Now at 3B: Jim Unknown
|
|
Batting: SHB Robbie Anderson
|
0-0: Called Strike 0-1: Called Strike 0-2: Foul Ball, location: 2F 0-2: Ball 1-2: Strikes out swinging
|
Batting: RHB Henry Jones
|
0-0: Ball 1-0: Foul Ball, location: 2F 1-1: Ball 2-1: DOUBLE (Line Drive, 7LS)
|
Batting: RHB Dave Thompson
|
0-0: Foul Ball, location: 2F 0-1: Ground out 5-3 (Groundball, 5S) Henry Jones to third
|
Pinch Hitting: RHB Bartolo Martínez
|
0-0: Called Strike 0-1: Ball 1-1: Ball 2-1: Ball 3-1: Fly out, F7 (Flyball, 7S)
|
Bottom of the 8th over - 0 run(s), 1 hit(s), 0 error(s), 1 left on base; Phoenix 7 - Royse City 6 |
TOP OF THE 9TH |
Phoenix Hotspur Reserves batting - Pitching for Royse City Targaryens : LHP Jerry Clephane
|
Pitching: RHP Aki Tanaka
|
|
Now in CF: Thomas Dunlap
|
|
Batting: RHB Randy Rehling
|
0-0: Called Strike 0-1: Ball 1-1: Foul Ball, location: 2F 1-2: Foul Ball, location: 2F 1-2: Foul Ball, location: 2F 1-2: Ball 2-2: SINGLE (Line Drive, 9S)
|
Batting: SHB Roberto López
|
0-0: Ball 1-0: Foul Ball, location: 2F 1-1: Ball 2-1: Foul Ball, location: 2F 2-2: Ball 3-2: Ground out 3-1 (Groundball, 34) Randy Rehling to second
|
Batting: RHB Martín Martínez
|
0-0: SINGLE (Flyball, 9LM) Randy Rehling to third
|
Batting: RHB Jorge Gonzáles
|
0-0: Called Strike 0-1: Ball 1-1: Ball 2-1: Ball 3-1: Fly out, F8 (Flyball, 8LD) Runner from 3rd tags up, SCORES, no throw
|
Batting: RHB Júlio Mateo
|
0-0: Called Strike 0-1: Foul Ball, location: 2F 0-2: Ball Martín Martínez is caught stealing 2nd base
|
Top of the 9th over - 1 run(s), 2 hit(s), 0 error(s), 0 left on base; Phoenix 8 - Royse City 6 |
BOTTOM OF THE 9TH |
Royse City Targaryens batting - Pitching for Phoenix Hotspur Reserves : RHP Pat McCormick
|
Pitching: RHP Rewa Malaki
|
|
Batting: LHB Jerry Wilson
|
0-0: Called Strike 0-1: Fly out, F8 (Flyball, 8LD)
|
Batting: LHB Fernando Ramírez
|
0-0: SINGLE (Line Drive, 56D)
|
Batting: LHB Carlos Álvarez
|
0-0: Ball 1-0: Called Strike 1-1: Ball 2-1: Fly out, F8 (Flyball, 8RD)
|
Batting: RHB Domingo García
|
0-0: Called Strike 0-1: Fly out, F9 (Line Drive, 89M)
|
Bottom of the 9th over - 0 run(s), 1 hit(s), 0 error(s), 1 left on base; Phoenix 8 - Royse City 6 |
|